 Dungeon Crawl Stone Soup version 0.29.1-15-g9cfb28693d (webtiles) character file.

Game seed: 5400240044943966084

805 Artool the Trooper (level 7, 0/57 HPs)
             Began as a Demonspawn Fighter on Apr 7, 2023.
             Slain by a gnoll
             ... wielding a +0 halberd
              (5 damage)
             ... on level 5 of the Dungeon.
             The game lasted 00:10:54 (4910 turns).

Artool the Trooper (Demonspawn Fighter)             Turns: 4910, Time: 00:10:56

Health: 0/57       AC:  9    Str: 18    XL:     7   Next: 60%
Magic:  7/7        EV:  9    Int: 10    God:
Gold:   448        SH:  4    Dex: 12    Spells: 6/6 levels left

rFire   . . .      SeeInvis .   a - +0 flail
rCold   + . .      Faith    .   c - +0 buckler
rNeg    . . .      Spirit   .   f - +0 chain mail {rC+}
rPois   .          Reflect  .   (no helmet)
rElec   .          Harm     .   (no cloak)
rCorr   .          Rampage  .   (no gloves)
Will    .....                   (no boots)
Stlth   ..........              e - amulet of the acrobat
HPRegen 0.19/turn               (no ring)
MPRegen 0.10/turn               (no ring)

@: no status effects
A: repulsion field 1, demonic guardian 2
a: no special abilities


You were on level 5 of the Dungeon.
You visited 1 branch of the dungeon, and saw 5 of its levels.
You also visited: Sewer and Ossuary.

You collected 448 gold pieces.

Inventory:

Hand Weapons
 a - a +0 flail (weapon)
Missiles
 v - 5 boomerangs (quivered)
Armour
 b - a +0 scale mail
 c - a +0 buckler (worn)
 f - a +0 chain mail of cold resistance (worn)
Magical Staves
 u - a staff of death
Jewellery
 e - an amulet of the acrobat (around neck)
 y - a ring of protection from cold
Scrolls
 g - 2 scrolls of amnesia {unknown}
 j - 2 scrolls of fear {unknown}
 k - 2 scrolls of enchant weapon {unknown}
 l - 7 scrolls of teleportation {unknown}
 m - 6 scrolls of identify {unknown}
 n - a scroll of magic mapping {unknown}
 o - 3 scrolls of brand weapon {unknown}
 q - a scroll of immolation {unknown}
 r - 3 scrolls of blinking {unknown}
 t - a scroll of torment {unknown}
 B - a scroll of poison {unknown}
Potions
 d - a potion of might
 h - 2 potions of haste {unknown}
 i - 2 potions of brilliance {unknown}
 p - 2 potions of attraction {unknown}
 s - a potion of ambrosia {unknown}
 w - a potion of magic {unknown}
 x - 2 potions of flight {unknown}
 z - a potion of cancellation {unknown}
 A - 4 potions of curing {unknown}
 C - a potion of heal wounds {unknown}
 D - a potion of lignification {unknown}
 E - a potion of degeneration {unknown}
 F - a potion of resistance


   Skills:
 + Level 5.7 Fighting
 + Level 4.8 Maces & Flails
 + Level 5.2 Armour
 - Level 2.6 Shields


You had 6 spell levels left.
You didn't know any spells.
Your spell library contained the following spells:

 Spells                   Type           Power      Damage    Failure   Level
 Apportation              Tloc           0%         N/A       99%         1
 Sandblast                Erth           0%         2d4       99%         1
 Passwall                 Tmut/Erth      0%         N/A       100%        2
 Stone Arrow              Conj/Erth      0%         3d7       100%        3
 Alistair's Intoxication  Tmut/Pois      0%         N/A       100%        5


Dungeon Overview and Level Annotations

Branches:
Dungeon (5/15)              Sewer (visited)         Ossuary (visited)
 Temple: D:4-7

Altars:
Cheibriados
Dithmenos
Fedhas
Gozag
Kikubaaqudgha
Makhleb
Vehumet
Xom

Annotations:
D:2 Terence


Innate Abilities, Weirdness & Mutations

You are surrounded by a mild repulsion field. (EV +2)
A demonic guardian rushes to your aid.


Message History

You closely miss the howler monkey.
The howler monkey is heavily wounded.
The gnoll hits you from afar with a +0 halberd!
The howler monkey barely misses you.
You sock the howler monkey!
The howler monkey is almost dead.
The howler monkey barely misses you.
The gnoll hits you from afar with a +0 halberd.
You hit the howler monkey.
You kill the howler monkey!
The gnoll barely misses you.
You hit the gnoll but do no damage.
The gnoll hits you but does no damage. x2
The gnoll completely misses you.
You thump the gnoll!
The gnoll is severely wounded.
The gnoll hits you with a +0 whip. The gnoll barely misses you.
The gnoll hits you but does no damage.
You sock the gnoll!
You kill the gnoll!
The gnoll closely misses you.
You hit the gnoll.
The gnoll is moderately wounded.
The gnoll hits you but does no damage.
The gnoll hits you from afar with a +0 halberd.
You are too injured to fight recklessly!
You are too injured to fight recklessly!
You are too injured to fight recklessly!
You are too injured to fight recklessly!
You barely miss the gnoll.
The gnoll is moderately wounded.
The gnoll hits you but does no damage.
The gnoll hits you from afar with a +0 halberd.
The gnoll hits you with a +0 flail!
You closely miss the gnoll.
The gnoll is moderately wounded.
The gnoll hits you from afar with a +0 halberd!
* * * LOW HITPOINT WARNING * * *
A demonic guardian appears!
The gnoll hits you but does no damage.
The gnoll hits you from afar with a +0 halberd.
You die...

...........###..####
............#..##
.........##...##
........######
........#######
.####.........#
#.........#
#.........#
#@.4......#
#.~~..g######....
#.~≈..g .... #.~....
... #.~.... ..
##≈≈#.# #~~... #~#
##


You could see 2 gnolls and a friendly rust devil (summoned).

Vanquished Creatures
  Pargi (Sewer)
  A black bear (D:5)
  A phantom (D:4)
  A howler monkey (D:5)
  A hound (D:4)
  An iguana (D:4)
  2 orc wizards (D:4)
  A mummy (Ossuary)
  Robin (D:4)
  5 adders
  2 gnolls (D:5)
  A river rat (D:3)
  2 worms
  4 dart slugs
  10 orcs
  10 ball pythons
  5 bats
  7 endoplasms
  3 giant cockroaches
  2 gnoll zombies (Ossuary)
  15 goblins
  4 hobgoblins
  7 jackals
  2 quokkas
  2 frilled lizards
  2 hobgoblin zombies (Ossuary)
  15 kobolds
  3 orc zombies (Ossuary)
  5 rats
116 creatures vanquished.

Vanquished Creatures (collateral kills)
  A kobold brigand (Sewer)
  7 mummies (Ossuary)
  8 orcs
  An orc zombie (Ossuary)
  A rat (D:3)
18 creatures vanquished.

Grand Total: 134 creatures vanquished

Notes
Turn   | Place    | Note
-------+----------+-------------------------------------------
     0 | D:1      | Artool the Demonspawn Fighter began the quest for the Orb.
     0 | D:1      | Reached XP level 1. HP: 18/18 MP: 1/1
   187 | D:1      | Gained mutation: A weak demonic guardian rushes to your
                  | aid. [demonic ancestry]
   187 | D:1      | Reached XP level 2. HP: 24/24 MP: 2/2
   572 | D:1      | Reached XP level 3. HP: 29/29 MP: 3/3
  1376 | D:2      | Noticed Terence
  1377 | D:2      | You fall into a shaft and drop 1 floor!
  1439 | D:3      | Found an opulent altar of Gozag.
  1537 | D:3      | Found an ancient bone altar of Kikubaaqudgha.
  1538 | D:3      | Found a shimmering altar of Xom.
  1580 | D:3      | Gained mutation: You are surrounded by a mild repulsion
                  | field. (EV +2) [demonic ancestry]
  1580 | D:3      | Reached XP level 4. HP: 12/37 MP: 4/4
  1763 | D:3      | Found a glowing drain.
  1779 | Sewer    | Entered a sewer
  2110 | Sewer    | Noticed Pargi
  2120 | Sewer    | Killed Pargi
  2121 | Sewer    | Gained mutation: A demonic guardian rushes to your aid.
                  | [demonic ancestry]
  2121 | Sewer    | Reached XP level 5. HP: 25/43 MP: 5/5
  2304 | Sewer    | Reached XP level 6. HP: 31/49 MP: 6/6
  2473 | D:3      | Found a blossoming altar of Fedhas.
  2687 | D:3      | Found a snail-covered altar of Cheibriados.
  2869 | D:3      | Found a burning altar of Makhleb.
  2899 | D:3      | Found a shadowy altar of Dithmenos.
  2910 | D:3      | Found a radiant altar of Vehumet.
  3241 | D:4      | Noticed Robin
  3268 | D:4      | Killed Robin
  3461 | D:4      | Reached skill level 5 in Fighting
  3713 | D:4      | Reached XP level 7. HP: 56/56 MP: 7/7
  3895 | D:5      | Entered Level 5 of the Dungeon
  3921 | D:5      | Found a sand-covered staircase.
  3926 | Ossuary  | Entered an ossuary
  4353 | Ossuary  | Reached skill level 5 in Armour
  4910 | D:5      | Slain by a gnoll

Illustrated notes

Levels and vault maps discovered:
D:1:      wander_arrival_desolate, layout_loops_corners, serial_park_tiny_1,
          kennysheep_small_spiral, nicolae_concentric_dashed_squares_wild,
          minmay_surrounded
D:2:      layout_loops_ring, hellmonk_ecumenical_altar_lost_god,
          minmay_tromino_v4_a, uniq_terence
D:3:      layout_basic, nicolae_overflow_quartered_altars, cheibriados_altar_1,
          grunt_temple_overflow_open, portal_sewer_entry_a
D:4:      layout_loops_cross, kennysheep_generic_room_8, uniq_robin
D:5:      layout_gridville, nicolae_hepliaklqana_hippocampus, enter_ossuary_5,
          serial_glass, glass_columns_a, glass_columns_a, minmay_door_square,
          solitary_fountain, minmay_misc_feat_plants,
          chequers_serial_rivers_small_a, reono_crystal_passage

Skill      XL: |  1  2  3  4  5  6  7 |
---------------+----------------------+-----
Maces & Flails | 2 3 4 |  4.8
Armour         | 3 4 5 |  5.2
Fighting       | 4 5 |  5.7
Shields        | |  2.6

Action                   |  1- 3 |  4- 6 |  7- 9 || total
-------------------------+-------+-------+-------++-------
Melee: Flail             |   166 |   203 |    67 ||   436
  Use: Potion            |       |     1 |       ||     1
 Stab: Distracted        |       |     1 |       ||     1
Armor: Chain mail        |   129 |   113 |    44 ||   286
Dodge: Dodged            |   100 |    95 |    34 ||   229
Block: Buckler           |    59 |    66 |    16 ||   141
